[Event "Late-Titled-Tuesday-Blitz-December-26-2023"]
[Site "Chess.com"]
[Date "2023.12.26"]
[Round "3"]
[White "sheldons73tshirt"]
[Black "Dedic8"]
[Result "0-1"]
[WhiteElo "2629"]
[BlackElo "2842"]
[TimeControl "180+1"]
[EndTime "14:26:48 PST"]
[Termination "Dedic8 won by resignation"]

1. e4 e5 2. Nf3 Nc6 3. Nc3 Nf6 4. Be2 Bb4 5. Nd5 Be7 6. Nxf6+ Bxf6 7. O-O d5 8. d3 O-O 9. c3 Be6 10. Qc2 a5 11. Rd1 d4 12. Bf1 Bg4 13. Be2 Be6 14. Bf1 Be7 15. g3 f5 16. exf5 Bxf5 17. Qb3+ Kh8 18.
Nd2 Bc5 19. c4 Nb4 20. a4 Qf6 21. f3 Ra6 22. Ne4 Bxe4 23. fxe4 Qf2+ 24. Kh1 Nc2 25.
Qxb7 Qf3+ 26. Kg1 Qxd1 27. Bf4 Qxa1 28. Qxc7 exf4 29. Qxc5 Raf6 0-1

[Event "Late-Titled-Tuesday-Blitz-December-26-2023"]
[Site "Chess.com"]
[Date "2023.12.26"]
[Round "3"]
[White "Msb2"]
[Black "lucasmito"]
[Result "1-0"]
[WhiteElo "3006"]
[BlackElo "2734"]
[TimeControl "180+1"]
[EndTime "14:26:50 PST"]
[Termination "Msb2 won on time"]

1. d4 Nf6 2. c4 e6 3. Nc3 d5 4.
cxd5 exd5 5. Bg5 c6 6. e3 Bf5 7. Nge2 Nbd7 8. Ng3 Bg6 9. h4 h6 10. Bf4 Qb6 11. Qd2 Bb4 12. Bd3 Bxd3 13. Qxd3 O-O 14. O-O c5 15. a3 c4 16. Qf5 Bxc3 17. bxc3 Qe6 18. Qc2 Ne4 19. Rab1 b6 20. a4 Ndf6 21. Ne2 Rfc8 22. f3 Nd6 23. Ng3 Nb7 24. e4 Na5 25. Rbe1 Nb3 26. Nf5 Re8 27. Be5 dxe4 28. fxe4 Ng4 29.
Nxg7 Qg6 30. Nxe8 Rxe8 31. Qe2 Nc5 32. Qxc4 Nxe4 33. Rxe4 1-0

[Event "Late-Titled-Tuesday-Blitz-December-26-2023"]
[Site "Chess.com"]
[Date "2023.12.26"]
[Round "3"]
[White "morte-negra"]
[Black "SilencerBaba"]
[Result "0-1"]
[WhiteElo "1995"]
[BlackElo "2319"]
[TimeControl "180+1"]
[EndTime "14:26:50 PST"]
[Termination "SilencerBaba won on time"]

1. e4 c5 2. Nf3 e6 3. d4 cxd4 4. Nxd4 a6 5. Nc3 b5 6. a3 Bb7 7.
Be3 Qc7 8. Be2 b4 9. axb4 Bxb4 10. Qd3 Nf6 11. f3 d5 12. exd5 Nxd5 13. Bd2 Nxc3 14.
bxc3 Be7 15. O-O Nd7 16. Rfe1 O-O 17. Qe3 Bd6 18. h4 Bg3 19. Reb1 Bxh4 20. Bd3 Bf6 21. f4 Nc5 22. Qh3 g6 23. f5 Nxd3 24.
cxd3 exf5 25. Rxb7 Qxb7 26. Nxf5 Qb2 27. Rd1 Qc2 28.
Qg4 Bxc3 29. Bh6 Rfe8 30. Rc1 Qxd3 0-1

[Event "Late-Titled-Tuesday-Blitz-December-26-2023"]
[Site "Chess.com"]
[Date "2023.12.26"]
[Round "3"]
[White "Aguiar94"]
[Black "Kiborg95"]
[Result "0-1"]
[WhiteElo "2554"]
[BlackElo "2828"]
[TimeControl "180+1"]
[EndTime "14:26:54 PST"]
[Termination "Kiborg95 won by resignation"]

1. e4 d6 2. d4 Nf6 3. Nc3 e5 4. Nf3 Nbd7 5. Bc4 Be7 6. Ng5 O-O 7. Bxf7+ Rxf7 8. Ne6 Qe8 9. Nxc7 Qd8 10. Nxa8 exd4 11.
Qxd4 b6 12. Nb5 Ne8 13. Qc4 Ne5 14. Qc3 Bf6 15. f4 Ng6 16. Qc4 Bb7 17. Nxb6 Qxb6 18. Nc3 Ba6 19. Qb3 Qc6 20. Nd5 Bc4 21. Qf3 Nh4 22.
Qg3 Bxd5 23. exd5 Re7+ 24. Kf1 Qxc2 25. Qg4 Qd3+ 26. Kf2 Bd4+ 0-1

[Event "Late-Titled-Tuesday-Blitz-December-26-2023"]
[Site "Chess.com"]
[Date "2023.12.26"]
[Round "3"]
[White "AsaHoffmann"]
[Black "protectiago"]
[Result "1-0"]
[WhiteElo "2374"]
[BlackElo "2060"]
[TimeControl "180+1"]
[EndTime "14:26:59 PST"]
[Termination "AsaHoffmann won by checkmate"]

1. d4 Nf6 2. Bg5 d5 3. Nd2 e6 4. e3 Nbd7 5. f4 c5 6. c3 Qb6 7. Rb1 h6 8. Bh4 Be7 9. Bd3 Ne4 10. Bxe7 Nxd2 11. Bxc5 Nxc5 12. dxc5 Qxc5 13. Qxd2 Bd7 14. Nf3 Rc8 15. O-O a6 16. Ne5 b5 17. a3 Qa7 18. f5 O-O 19. f6 g6 20. Kh1 Be8 21. e4 Kh7 22. Rf3 dxe4 23. Rh3 e3 24. Rxe3 Rh8 25.
Rg3 Qc7 26. Qe3 Rd8 27. Re1 Rd5 28. Nf3 Rg8 29. Ng5+ Kh8 30. Ne4 Kh7 31. Rh3 Bc6 32. Qxh6# 1-0

[Event "Late-Titled-Tuesday-Blitz-December-26-2023"]
[Site "Chess.com"]
[Date "2023.12.26"]
[Round "3"]
[White "DanylaBagrov"]
[Black "Fore_Man"]
[Result "1-0"]
[WhiteElo "2576"]
[BlackElo "2403"]
[TimeControl "180+1"]
[EndTime "14:27:01 PST"]
[Termination "DanylaBagrov won by checkmate"]

1. d4 Nf6 2. c4 e6 3. Bf4 d5 4.
cxd5 exd5 5. e3 c6 6. Bd3 Bd6 7.
Bxd6 Qxd6 8. Nc3 Nbd7 9. Nf3 O-O 10. O-O Re8 11. Qc2 Nf8 12. h3 Be6 13. Rab1 Ng6 14. b4 Rac8 15. Rfc1 Qd7 16. Ne5 Qd6 17. f4 Nd7 18. f5 Ndxe5 19. dxe5 Qxe5 20. fxe6 Qxe3+ 21. Kh1 d4 22. exf7+ Kxf7 23. Bc4+ Kf8 24. Qf5+ Ke7 25. Re1 Kd6 26. Rxe3 dxe3 27. Ne4+ Kc7 28. Nc5 b6 29. Qd7+ Kb8 30. Qb7# 1-0

[Event "Late-Titled-Tuesday-Blitz-December-26-2023"]
[Site "Chess.com"]
[Date "2023.12.26"]
[Round "3"]
[White "AGW2016"]
[Black "Nick12772"]
[Result "1-0"]
[WhiteElo "2561"]
[BlackElo "2312"]
[TimeControl "180+1"]
[EndTime "14:27:07 PST"]
[Termination "AGW2016 won by resignation"]

1. d4 Nf6 2. Nc3 e6 3. Bf4 Bb4 4. Qd3 d5 5. a3 Bd6 6. Bxd6 Qxd6 7. e4 dxe4 8. Nxe4 Nxe4 9. Qxe4 Nd7 10. Nf3 Nf6 11. Qe3 b6 12. Bb5+ Bd7 13. Bd3 Bc6 14.
O-O-O O-O-O 15. Ne5 Rhf8 16. Nxc6 Qxc6 17. f3 Kb8 18.
Kb1 Qd6 19. Ba6 Nd5 20. Qe4 f5 21. Qe2 c6 22. Rhe1 Nc7 23. Bc4 Rfe8 24. g3 Kb7 25.
Bb3 g5 26. Qe3 h6 27. c3 Nd5 28.
Qe2 Nc7 29. Bc4 Nd5 30. Ba6+ Kb8 31. Qe5 Nc7 32. Bc4 Nd5 33. Qxd6+ Rxd6 34. Re5 Nc7 35. Rde1 Kc8 36. Kc2 Kd7 37. b4 Nd5 38. Bb3 Nc7 39.
Rh1 b5 40. h4 Rg8 41. Rxf5 gxh4 42. Rf7+ Kc8 43. Rxh4 Rxg3 44. Rxh6 Rg2+ 45. Kd3 Nd5 46.
Bxd5 cxd5 47. Rxa7 1-0

[Event "Late-Titled-Tuesday-Blitz-December-26-2023"]
[Site "Chess.com"]
[Date "2023.12.26"]
[Round "3"]
[White "BestestBP"]
[Black "misterlamine"]
[Result "0-1"]
[WhiteElo "2192"]
[BlackElo "2445"]
[TimeControl "180+1"]
[EndTime "14:27:12 PST"]
[Termination "misterlamine won by checkmate"]

1. c4 c5 2. Nc3 Nc6 3. Nf3 g6 4. g3 Bg7 5. Bg2 d6 6. O-O e5 7. e3 Nge7 8. Nd5 O-O 9. e4 h6 10. a3 Be6 11. b4 b6 12. Bb2 Nd4 13. Bxd4 exd4 14. d3 Nxd5 15. cxd5 Bd7 16. Qd2 a5 17. Rab1 axb4 18. axb4 Ra3 19. Qf4 Bb5 20. Ne1 Bxd3 21. Nxd3 Rxd3 22. bxc5 bxc5 23. Rb7 Qf6 24. Qg4 c4 25.
Rc7 c3 26. f4 Rd2 27. Rc1 Qd8 28. Rb7 Qa8 29. Rc7 Qa2 30. Bf3 Rxh2 31. Rc8 Qf2# 0-1

[Event "Late-Titled-Tuesday-Blitz-December-26-2023"]
[Site "Chess.com"]
[Date "2023.12.26"]
[Round "3"]
[White "PawnEatingZombie"]
[Black "Smile2005"]
[Result "0-1"]
[WhiteElo "2102"]
[BlackElo "2391"]
[TimeControl "180+1"]
[EndTime "14:27:13 PST"]
[Termination "Smile2005 won on time"]

1. e4 c5 2. c3 e6 3. d4 cxd4 4. cxd4 a6 5. d5 b5 6. Nf3 Bb7 7. a4 b4 8. Bc4 Nf6 9. O-O Nxe4 10. Re1 Nd6 11. Bb3 Be7 12. Bf4 O-O 13. Nbd2 exd5 14. Nf1 Nc4 15. Ng3 Bf6 16. Nh5 Bxb2 17. Nd4 g6 18.
Bxc4 dxc4 19. Bd6 Nc6 20. Nf5 gxf5 21. Qf3 Qg5 22. h4 Qg6 0-1

[Event "Late-Titled-Tuesday-Blitz-December-26-2023"]
[Site "Chess.com"]
[Date "2023.12.26"]
[Round "3"]
[White "Veleamater"]
[Black "Bala-Afiada"]
[Result "1-0"]
[WhiteElo "2351"]
[BlackElo "2013"]
[TimeControl "180+1"]
[EndTime "14:27:15 PST"]
[Termination "Veleamater won by checkmate"]

1. g3 c6 2. Bg2 d5 3. d3 e5 4.
Nf3 Bd6 5. O-O f5 6. e4 fxe4 7. dxe4 Nf6 8. Nc3 d4 9. Ne2 O-O 10. Ne1 Bg4 11. h3 Be6 12. f4 exf4 13. gxf4 Bc5 14.
Nd3 Bb6 15. Ng3 Nbd7 16. e5 Nd5 17. f5 Ne3 18. Bxe3 dxe3 19. Qe2 Bc4 20. e6 Ne5 21. Rad1 Qg5 22. Kh2 Rad8 23. Be4 Qh4 24. b3 Ba6 25. c4 Nxd3 26. Rxd3 Bc7 27. Qg4 Qxg4 28. hxg4 e2 29. Re1 Rxd3 30. Bxd3 Rf6 31. Rxe2 Rh6+ 32. Kg2 Kf8 33.
g5 Rh4 34. f6 gxf6 35. gxf6 Rg4 36. e7+ Kf7 37. e8=Q+ Kxf6 38. Qe7# 1-0

[Event "Late-Titled-Tuesday-Blitz-December-26-2023"]
[Site "Chess.com"]
[Date "2023.12.26"]
[Round "3"]
[White "Kaua18"]
[Black "fks_stal_mielec"]
[Result "1-0"]
[WhiteElo "2529"]
[BlackElo "2330"]
[TimeControl "180+1"]
[EndTime "14:27:17 PST"]
[Termination "Kaua18 won by checkmate"]

1. e4 c5 2. Nf3 g6 3. c4 Bg7 4. d4 cxd4 5. Nxd4 Nc6 6. Be3 d6 7. Nc3 Nf6 8. Be2 O-O 9. O-O Nxd4 10. Bxd4 Qa5 11. b3 Be6 12. Re1 Rfc8 13. Rc1 a6 14. Bf1 Nd7 15. Bxg7 Kxg7 16. Nd5 Bxd5 17. exd5 Re8 18.
Rc2 Nf6 19. Rce2 Qc7 20. Re3 Rab8 21. a4 Qd8 22. Qd4 Kg8 23. Bd3 b6 24. f4 Rb7 25. f5 Qc7 26. Qh4 Qc5 27. Kh1 Kg7 28. Rh3 b5 29. Qh6+ Kg8 30. Rf1 Qd4 31. fxg6 fxg6 32. Bxg6 hxg6 33. Qxg6+ Kf8 34. Rh8# 1-0

[Event "Late-Titled-Tuesday-Blitz-December-26-2023"]
[Site "Chess.com"]
[Date "2023.12.26"]
[Round "3"]
[White "Eternauta2400"]
[Black "2346PL"]
[Result "1-0"]
[WhiteElo "2822"]
[BlackElo "2550"]
[TimeControl "180+1"]
[EndTime "14:27:19 PST"]
[Termination "Eternauta2400 won by resignation"]

1. c4 f5 2. g3 Nf6 3. Bg2 d6 4. d4 g6 5. Nc3 Bg7 6. Nf3 O-O 7. d5 Na6 8. O-O Bd7 9. Nd4 Qe8 10. b3 c5 11.
dxc6 bxc6 12. Bb2 e5 13. Nf3 Qe7 14. Ba3 Ne8 15. Rc1 g5 16. c5 Nxc5 17. Bxc5 dxc5 18. Na4 e4 19. Nxg5 Bh6 20. h4 Bxg5 21. hxg5 f4 22. Nxc5 Bf5 23. gxf4 Rd8 24. Qc2 e3 25. Qc4+ Rf7 26.
Qc3 Rd2 27. Qxe3 Rxe2 28. Qxe7 Rfxe7 29. Bxc6 Rxa2 30. Rfe1 Rxe1+ 31. Rxe1 Nd6 32. Bd5+ Kf8 33. Re5 Ra1+ 34. Kg2 Rd1 35. Be6 Bxe6 36. Nxe6+ Kf7 37. Nc5 a5 38. Ne4 Ne8 39. Rxa5 Rd3 40. f5 Rxb3 41. Ra7+ Kg8 42. f6 Kf8 43. Rxh7 Rb4 44. g6 Nxf6 45. Rf7+ Ke8 46. Nxf6+ Kd8 47. g7 1-0

[Event "Late-Titled-Tuesday-Blitz-December-26-2023"]
[Site "Chess.com"]
[Date "2023.12.26"]
[Round "3"]
[White "Korchmar_Vasiliy"]
[Black "ural58"]
[Result "1-0"]
[WhiteElo "2793"]
[BlackElo "2485"]
[TimeControl "180+1"]
[EndTime "14:27:19 PST"]
[Termination "Korchmar_Vasiliy won on time"]

1. e4 d5 2. exd5 Qxd5 3. Nc3 Qa5 4. d4 Nf6 5. Nf3 Nc6 6. Bb5 Ne4 7. Bd2 Nxc3 8. Bxc6+ bxc6 9. Bxc3 Qd5 10. h3 Ba6 11.
Qd2 e6 12. b3 Qe4+ 13. Kd1 Bd6 14. Re1 Qg6 15. Qg5 Rd8 16. Qxg6 hxg6 17. Kc1 Rh5 18. Kb2 c5 19. Rad1 cxd4 20. Bxd4 Bb7 21. Rd3 Bb4 22. Red1 Bxf3 23. gxf3 Rxh3 24. Bxa7 Rxd3 25. Rxd3 Bd6 26. a4 Kd7 27. c4 1-0

[Event "Late-Titled-Tuesday-Blitz-December-26-2023"]
[Site "Chess.com"]
[Date "2023.12.26"]
[Round "3"]
[White "elchacal664"]
[Black "hangemhigh"]
[Result "1-0"]
[WhiteElo "2292"]
[BlackElo "2463"]
[TimeControl "180+1"]
[EndTime "14:27:20 PST"]
[Termination "elchacal664 won on time"]

1. e4 d6 2. g3 Nf6 3. Bg2 e5 4. Ne2 c6 5. O-O h5 6. h3 Be7 7. c4 Nbd7 8. d4 Qc7 9. b3 Nf8 10. Bb2 Ng6 11. Nbc3 h4 12. g4 Nxg4 13. hxg4 Bxg4 14.
f3 Bd7 15. Kh2 h3 16. Bh1 d5 17. f4 exf4 18. e5 dxc4 19. bxc4 Bg4 20. Ne4 O-O-O 21.
Qe1 f3 22. N2g3 f6 23. Bxf3 Bxf3 24. Rxf3 fxe5 25. d5 Kb8 26. Rf7 cxd5 27. cxd5 Rxd5 28. Nf5 Qc2+ 29. Qf2 Qxf2+ 30. Nxf2 Rd2 31. Kg3 Bc5 32. Ne4 Rg2+ 33. Kf3 Bb6 34. Rxg7 Nh4+ 35. Nxh4 Rxg7 36. Bxe5+ Bc7 37. Bxg7 Rxh4 38. Bd4 Rf4+ 39. Ke3 h2 40. Rh1 Rg4 41. Nf2 Rg1 42. Kf3 Rd1 43. Nxd1 1-0

[Event "Late-Titled-Tuesday-Blitz-December-26-2023"]
[Site "Chess.com"]
[Date "2023.12.26"]
[Round "3"]
[White "Genghis_K"]
[Black "Alex_Banzea"]
[Result "1-0"]
[WhiteElo "2864"]
[BlackElo "2646"]
[TimeControl "180+1"]
[EndTime "14:27:24 PST"]
[Termination "Genghis_K won by resignation"]

1. e4 c5 2. Nf3 g6 3. d4 cxd4 4.
Nxd4 Bg7 5. c4 Nc6 6. Be3 Qb6 7.
Nb3 Qd8 8. Nc3 Bxc3+ 9. bxc3 Nf6 10. Bd3 d6 11. f4 Be6 12. Qe2 Rc8 13. O-O b6 14. h3 Qc7 15. Rad1 Nb8 16. c5 bxc5 17. e5 Nd5 18. Bb5+ Kf8 19. f5 Nxe3 20. Qxe3 Bxf5 21.
Rxf5 gxf5 22. Qh6+ Kg8 23. Rd3 f4 24. Qxf4 h6 25.
Rg3+ Kf8 26. e6 Rh7 27. Qg4 1-0

[Event "Late-Titled-Tuesday-Blitz-December-26-2023"]
[Site "Chess.com"]
[Date "2023.12.26"]
[Round "3"]
[White "Balla_Tamas"]
[Black "SlipperySpeedster"]
[Result "0-1"]
[WhiteElo "2441"]
[BlackElo "2622"]
[TimeControl "180+1"]
[EndTime "14:27:28 PST"]
[Termination "SlipperySpeedster won by resignation"]

1. e4 e5 2. Nf3 Nc6 3. d4 exd4 4. Nxd4 Nf6 5. Nxc6 bxc6 6. e5 Qe7 7. Qe2 Nd5 8. h4 a5 9. c4 Ba6 10. Nd2 Nb4 11. Nf3 d5 12. a3 Bxc4 13. Qd1 Bxf1 14. Kxf1 Na6 15. Bg5 Qd7 16. e6 Qd6 17. exf7+ Kxf7 18. Nd4 Kg8 19. Qe2 c5 20. Nf5 Qd7 21. Qg4 Nb8 22.
Bf6 h5 23. Qg6 Ra6 24. Re1 Rxf6 0-1

[Event "Late-Titled-Tuesday-Blitz-December-26-2023"]
[Site "Chess.com"]
[Date "2023.12.26"]
[Round "3"]
[White "GothamChess"]
[Black "sakkikuska"]
[Result "1-0"]
[WhiteElo "2688"]
[BlackElo "2469"]
[TimeControl "180+1"]
[EndTime "14:27:31 PST"]
[Termination "GothamChess won by resignation"]

1. e4 c5 2. Nc3 Nc6 3. Bb5 Nd4 4. Nf3 e6 5. O-O a6 6. Bd3 d6 7. Nxd4 cxd4 8. Ne2 e5 9. c3 dxc3 10. dxc3 Be6 11. c4 Be7 12. f4 exf4 13. Nxf4 Nf6 14. b3 O-O 15. Kh1 Qd7 16. Bb2 Ng4 17. Qe2 Ne5 18. Rad1 Qc7 19. Nd5 Bxd5 20. exd5 Rfe8 21. Bxe5 dxe5 22. Bxh7+ Kf8 23. d6 Bxd6 24. Bg6 f6 25. Qh5 Ke7 26. Bxe8 Rxe8 27. Qg6 Kd8 28. c5 Qxc5 29. Qxg7 e4 30. Rxf6 1-0

[Event "Late-Titled-Tuesday-Blitz-December-26-2023"]
[Site "Chess.com"]
[Date "2023.12.26"]
[Round "3"]
[White "laskakid"]
[Black "Gyulamiryan-koryun"]
[Result "1-0"]
[WhiteElo "2357"]
[BlackElo "2031"]
[TimeControl "180+1"]
[EndTime "14:27:34 PST"]
[Termination "laskakid won by checkmate"]

1. d4 Nf6 2. c4 c5 3. d5 b5 4. cxb5 a6 5. e3 g6 6. Nc3 Bg7 7. a4 d6 8. e4 Nbd7 9. Nf3 Ng4 10. Ra3 Nge5 11. Nd2 O-O 12. f4 Nb6 13. fxe5 Bxe5 14. Nf3 Bg7 15. bxa6 f5 16. exf5 Rxf5 17. Bd3 Bxc3+ 18.
bxc3 Rxd5 19. Bc4 Be6 20. Bxd5 Bxd5 21. O-O Rxa6 22. a5 Bc4 23. axb6 Bxf1 24. Qxf1 Rxa3 25. Bxa3 Qxb6 26. Ng5 c4+ 27. Qf2 Qb1+ 28. Qf1 Qb6+ 29. Kh1 Kg7 30. Bc1 Kh6 31. Ne6+ Kh5 32. Qf3+ Kh4 33.
Qh3# 1-0

[Event "Late-Titled-Tuesday-Blitz-December-26-2023"]
[Site "Chess.com"]
[Date "2023.12.26"]
[Round "3"]
[White "jcmesafischer"]
[Black "kikoveiga"]
[Result "0-1"]
[WhiteElo "2331"]
[BlackElo "2531"]
[TimeControl "180+1"]
[EndTime "14:27:36 PST"]
[Termination "kikoveiga won by checkmate"]

1. e3 e5 2. c4 c6 3. Nf3 e4 4. Nd4 Nf6 5. g3 d5 6. cxd5 cxd5 7. Bg2 Be7 8. d3 O-O 9. O-O Bg4 10. Qb3 Nc6 11. Nxc6 bxc6 12. dxe4 Nxe4 13. Nd2 Nc5 14. Qc2 Qd7 15. Nf3 Bf5 16. Qd1 Be4 17. b3 Bf6 18.
Nd4 Bxg2 19. Kxg2 Ne6 20. Ba3 Bxd4 21. exd4 Rfe8 22. h4 a5 23. Rc1 Rec8 24. f4 a4 25. f5 Nc7 26. Bc5 axb3 27. axb3 Ne8 28. Rc2 Nf6 29. Re2 Re8 30. b4 h5 31. Rfe1 Rxe2+ 32.
Rxe2 Qxf5 33. Rf2 Qe4+ 34. Kg1 Ng4 35. Re2 Qf5 36. Bd6 Kh7 37. Qe1 Ra3 38. Bf4 f6 39. Qd2 Ra1+ 40. Kg2 Qb1 41. Qc2+ Qxc2 42. Rxc2 Rd1 43.
Rxc6 Rxd4 44. b5 Rb4 45. b6 d4 46. Bd6 Rb2+ 47. Kf3 f5 48. Bc5 Rf2# 0-1

[Event "Late-Titled-Tuesday-Blitz-December-26-2023"]
[Site "Chess.com"]
[Date "2023.12.26"]
[Round "3"]
[White "UmutErdemGunduz"]
[Black "penguingm1"]
[Result "1-0"]
[WhiteElo "2702"]
[BlackElo "2896"]
[TimeControl "180+1"]
[EndTime "14:27:38 PST"]
[Termination "UmutErdemGunduz won by resignation"]

1. e4 e5 2. Nf3 Nc6 3. Bc4 Nf6 4. d3 h6 5. c3 d6 6. h3 g6 7. Nbd2 Bg7 8. a4 O-O 9. O-O a6 10. b4 Ra7 11. Bb3 d5 12. Qe2 Re8 13. Rd1 b6 14.
Nf1 Bb7 15. Ng3 Ra8 16. Bb2 Qd6 17. Qc2 Rad8 18. Rd2 Nb8 19. Re1 Nbd7 20. exd5 Nxd5 21. Ne4 Qc6 22. b5 axb5 23. axb5 Qe6 24. d4 exd4 25. Nxd4 Bxd4 26. Rxd4 Nc5 27. Bxd5 Bxd5 28. Rxd5 f5 29. c4 Nxe4 30. Rxd8 Rxd8 31. f3 Qd6 32. fxe4 Qb4 33.
Qc3 Qxc3 34. Bxc3 Rd3 35. Be5 1-0

[Event "Late-Titled-Tuesday-Blitz-December-26-2023"]
[Site "Chess.com"]
[Date "2023.12.26"]
[Round "3"]
[White "Hoshka"]
[Black "UK_23"]
[Result "1-0"]
[WhiteElo "2059"]
[BlackElo "2348"]
[TimeControl "180+1"]
[EndTime "14:27:40 PST"]
[Termination "Hoshka won by checkmate"]

1. d4 d5 2. c4 e6 3. g3 Nf6 4.
Bg2 Be7 5. Nf3 O-O 6. O-O c6 7.
Qc2 b6 8. Nbd2 Bb7 9. e4 Na6 10. e5 Nd7 11. cxd5 Nb4 12. Qb3 Nxd5 13. Ne4 c5 14.
dxc5 Nxc5 15. Nxc5 Bxc5 16. Bg5 Qc7 17. Rac1 h6 18.
Bd2 Qe7 19. a3 Rac8 20. Rfe1 Rfd8 21. h4 a5 22. Qb5 Bc6 23. Qe2 a4 24. h5 Qe8 25.
Nh2 Kh8 26. Ng4 Bf8 27. Be4 Bb5 28. Qf3 Rxc1 29. Bxc1 Bc4 30. Bc2 Bb3 31. Bb1 Ne7 32.
Bxh6 Bd5 33. Qf4 Nf5 34. Bg5 Rc8 35. h6 gxh6 36. Bf6+ Kg8 37. Bxf5 exf5 38. Nxh6+ Bxh6 39. Qxh6 Qf8 40. Qh8# 1-0

[Event "Late-Titled-Tuesday-Blitz-December-26-2023"]
[Site "Chess.com"]
[Date "2023.12.26"]
[Round "3"]
[White "lefonghua"]
[Black "AlexanderL"]
[Result "1/2-1/2"]
[WhiteElo "2690"]
[BlackElo "2898"]
[TimeControl "180+1"]
[EndTime "14:27:44 PST"]
[Termination "Game drawn by repetition"]

1. d4 e6 2. c4 b6 3. Nc3 Bb7 4. e4 Bb4 5. f3 f5 6. exf5 Nh6 7. Bd3 O-O 8. Ne2 Nxf5 9. O-O Nc6 10. a3 Be7 11.
Be4 Nd6 12. Bd3 Bf6 13. Be3 g6 14. Ne4 Nf5 15. Nxf6+ Qxf6 16. Bxf5 exf5 17. d5 Ne5 18. Bd4 Qe7 19. b3 Rae8 20. Re1 c5 21. Bb2 Qh4 22.
Ng3 d6 23. Qd2 Bc8 24. f4 Ng4 25. Nf1 Re4 26. g3 Qe7 27. Rxe4 fxe4 28. Re1 h5 29. Ne3 Nxe3 30. Rxe3 Bf5 31. Qc3 Kh7 32. h4 Re8 33. a4 a6 34. Kf2 Rb8 35. Re1 Qf8 36. Ra1 Qe7 37. Ke3 Qf8 38. Ra2 Qe7 39. Ra1 Qf8 40. Ra2 Qe7 41. Ra1 1/2-1/2

[Event "Late-Titled-Tuesday-Blitz-December-26-2023"]
[Site "Chess.com"]
[Date "2023.12.26"]
[Round "3"]
[White "IgorBjelobrk"]
[Black "WindWhistler11"]
[Result "0-1"]
[WhiteElo "2660"]
[BlackElo "2481"]
[TimeControl "180+1"]
[EndTime "14:27:47 PST"]
[Termination "WindWhistler11 won by resignation"]

1. d4 Nf6 2. c4 e6 3. g3 c5 4. d5 exd5 5. cxd5 Bd6 6. Nc3 O-O 7. Bg2 Re8 8. Nf3 b6 9. O-O Na6 10. Re1 Bf8 11. e4 d6 12. e5 dxe5 13. Nxe5 Bb7 14.
Bf4 Nb4 15. Nc6 Rxe1+ 16. Qxe1 Qd7 17. Rd1 Nbxd5 18. Ne5 Qe6 19. Bg5 Nxc3 20. Qxc3 Bxg2 21. Kxg2 Ne4 22. Qf3 Qxe5 23. Bf4 Qe6 24. Re1 Re8 25. Qd3 Qc6 26. f3 Nf6 27. Rxe8 Nxe8 0-1

[Event "Late-Titled-Tuesday-Blitz-December-26-2023"]
[Site "Chess.com"]
[Date "2023.12.26"]
[Round "3"]
[White "Jesusesmifuerza"]
[Black "b_6"]
[Result "1-0"]
[WhiteElo "2189"]
[BlackElo "2408"]
[TimeControl "180+1"]
[EndTime "14:27:47 PST"]
[Termination "Jesusesmifuerza won by resignation"]

1. e4 e6 2. d4 d5 3. exd5 exd5 4. c4 Bb4+ 5. Bd2 Bxd2+ 6. Nxd2 Nf6 7. Ngf3 O-O 8. Be2 dxc4 9. Nxc4 Bg4 10. Nce5 Bh5 11.
O-O Nbd7 12. Qb3 Nb6 13. Rfe1 Qd5 14. Qc2 c6 15. b3 Rad8 16. Rad1 Qd6 17. a4 Nbd5 18.
Nc4 Qc7 19. Nfe5 Bg6 20. Bd3 Nb4 21. Qc3 Nfd5 22. Qb2 Nxd3 23. Nxd3 Rfe8 24. Nde5 Nf4 25. Qd2 Ne6 26. Nxg6 hxg6 27. Qc3 Qf4 28. Qb4 b6 29. Ne5 Rxd4 30. Rxd4 Nxd4 31. Nd3 Rxe1+ 32. Qxe1 Ne6 33.
Nxf4 1-0

[Event "Late-Titled-Tuesday-Blitz-December-26-2023"]
[Site "Chess.com"]
[Date "2023.12.26"]
[Round "3"]
[White "norman927"]
[Black "Alexei_Gubajdullin"]
[Result "0-1"]
[WhiteElo "2346"]
[BlackElo "2621"]
[TimeControl "180+1"]
[EndTime "14:27:49 PST"]
[Termination "Alexei_Gubajdullin won by resignation"]

1. e4 g6 2. d4 Bg7 3. Nc3 d6 4.
Nf3 a6 5. h3 Nd7 6. g4 b5 7.
Bg2 Bb7 8. a3 c5 9. O-O cxd4 10.
Nxd4 Rc8 11. Kh2 Nc5 12. f4 Nf6 13. Re1 e5 14. Nb3 Ne6 15. fxe5 dxe5 16. Be3 Nd7 17.
Nd5 Nf4 18. Nxf4 exf4 19. Bxf4 Bxb2 20. Rb1 Bc3 21. Re3 Be5 22. Bxe5 Nxe5 23. Nd4 Qc7 24. Kh1 h5 25. g5 Rd8 26. c3 Qe7 27. a4 Qxg5 28. Qe2 Nc4 29. Rf3 Nd2 30. axb5 Nxb1 31.
bxa6 Ba8 32. Qa2 O-O 33. Qxb1 Rde8 34. Qe1 Rxe4 35. Qg3 Qc1+ 36. Kh2 h4 37. Qg5 Qxg5 0-1

[Event "Late-Titled-Tuesday-Blitz-December-26-2023"]
[Site "Chess.com"]
[Date "2023.12.26"]
[Round "3"]
[White "GlavkonVVS"]
[Black "mariofs"]
[Result "1-0"]
[WhiteElo "2506"]
[BlackElo "2189"]
[TimeControl "180+1"]
[EndTime "14:27:50 PST"]
[Termination "GlavkonVVS won by checkmate"]

1. Nf3 d5 2. c4 c6 3. d4 Nf6 4. Nc3 dxc4 5. a4 Bf5 6. e3 e6 7.
Bxc4 Bb4 8. O-O Nbd7 9. Ne2 O-O 10. b3 c5 11. Bb2 a6 12. Ng3 Bg6 13. Nh4 cxd4 14.
Nxg6 hxg6 15. Qxd4 Nc5 16. Qh4 Nfe4 17. Qh3 Bc3 18.
Rad1 Qf6 19. Ba3 Nxg3 20. hxg3 Rfc8 21. Qg4 b5 22. Bxc5 bxc4 23. b4 a5 24. Rb1 axb4 25. Bxb4 Rxa4 26. Bxc3 Qxc3 27. Rfc1 Qd3 28. Qf3 c3 29.
Rb7 Rac4 30. Qxf7+ Kh8 31. Qxg7# 1-0

[Event "Late-Titled-Tuesday-Blitz-December-26-2023"]
[Site "Chess.com"]
[Date "2023.12.26"]
[Round "3"]
[White "dmarcolino"]
[Black "guillembaches"]
[Result "0-1"]
[WhiteElo "2127"]
[BlackElo "2501"]
[TimeControl "180+1"]
[EndTime "14:27:50 PST"]
[Termination "guillembaches won by resignation"]

1. d4 d5 2. c4 e6 3. Nf3 a6 4.
g3 dxc4 5. Bg2 b5 6. Ne5 c6 7. Nxc6 Qb6 8. Nxb8 Rxb8 9. O-O Bb7 10. Bxb7 Qxb7 11. b3 cxb3 12. Qxb3 Nf6 13. Bf4 Rd8 14. Rd1 Be7 15. Be5 O-O 16. Bxf6 Bxf6 17. e3 h5 18. Nd2 h4 19. gxh4 Bxh4 20. Qd3 Rd5 21. Nf3 Bf6 22. Rac1 Rh5 23. e4 g6 24. e5 Bg5 25. Rc5 Kg7 26. Re1 Rfh8 27. Qe4 Qe7 28. Rec1 Bxc1 29. Rxc1 Rf5 30. d5 exd5 31. Qxd5 Rh3 32.
Kg2 Rhxf3 33. Qxf3 Rxf3 34. Kxf3 Qxe5 0-1

[Event "Late-Titled-Tuesday-Blitz-December-26-2023"]
[Site "Chess.com"]
[Date "2023.12.26"]
[Round "3"]
[White "ElenGajger"]
[Black "AkatsukiLogHorizon"]
[Result "0-1"]
[WhiteElo "2436"]
[BlackElo "2218"]
[TimeControl "180+1"]
[EndTime "14:27:52 PST"]
[Termination "AkatsukiLogHorizon won by resignation"]

1. e4 c5 2. Nc3 e6 3. Nf3 Nc6 4. Bb5 Nd4 5. Bc4 a6 6. Nxd4 cxd4 7. Ne2 e5 8. c3 b5 9. Bd5 Rb8 10. cxd4 exd4 11. Nxd4 Nf6 12. O-O Nxd5 13. exd5 Be7 14. Nf5 O-O 15. d6 Bf6 16. d4 Bb7 17. Re1 Re8 18. Rxe8+ Qxe8 19. Bf4 Qe4 20. Qg4 h5 21. f3 Qxd4+ 22. Be3 Qxe3+ 23. Nxe3 hxg4 24. Nxg4 Bxb2 25. Re1 Bd4+ 26. Kh1 Rc8 27. h4 Bc5 28. Re7 Bxd6 29. Re1 Bc6 30. Rd1 Be7 31. h5 Kf8 32. h6 gxh6 33. Nxh6 Bg5 34. Nf5 Re8 35. Nd6 Re2 36. Nf5 Rxa2 37. Re1 Bf6 38. Kh2 Bd5 39. Kh3 Be6 40.
g4 Bxf5 41. gxf5 b4 42. Kg4 b3 43. f4 b2 44. Rh1 Ra1 0-1